 Dungeon Crawl Stone Soup version 0.30.1 (webtiles) character file.

Game seed: 12123757739706870191

472 monsoonserge the Slasher (level 6, 0/48 HPs)
             Began as a Demonspawn Monk on July 7, 2023.
             Killed from afar by Dowan (5 damage)
             ... with a puff of frost
             ... on level 5 of the Dungeon.
             The game lasted 00:08:54 (3489 turns).

monsoonserge the Slasher (Demonspawn Monk)          Turns: 3489, Time: 00:08:55

Health: 0/48       AC:  8    Str: 11    XL:     6   Next: 83%
Magic:  0/6        EV: 11    Int: 13    God:
Gold:   200        SH:  0    Dex: 16    Spells: 5/5 levels left

rFire   . . .        u - +0 long sword
rCold   . . .        d - orb {light}
rNeg    . . .        b - +0 ring mail
rPois   .            (no helmet)
rElec   .            k - +2 cloak
rCorr   .            (no gloves)
SInv    .            (no boots)
Will    .....        (no amulet)
Stlth   +            (no ring)
HPRegen 0.28/turn    (no ring)
MPRegen 0.20/turn

%: guardian spirit
@: glowing
A: magic shield, magic regeneration
a: no special abilities


You were on level 5 of the Dungeon.
You visited 1 branch of the dungeon, and saw 5 of its levels.

You collected 200 gold pieces.

Inventory:

Hand Weapons
 t - a +2 heavy hand axe
 u - a +0 long sword (weapon)
 w - a +0 vampiric short sword
Armour
 b - a +0 ring mail (worn)
 d - an orb of light (worn)
 k - a +2 cloak (worn)
 p - a +0 leather armour
Wands
 a - a wand of roots (5)
 r - a wand of mindburst (2)
Scrolls
 e - 8 scrolls of identify {unknown}
 g - a scroll of fear {unknown}
 j - 4 scrolls of teleportation {unknown}
 m - a scroll of poison {unknown}
 n - a scroll of fog {unknown}
 s - a scroll of magic mapping {unknown}
 v - a scroll of enchant armour {unknown}
 y - a scroll of immolation {unknown}
Potions
 c - 2 potions of ambrosia
 f - 3 potions of berserk rage {unknown}
 h - 3 potions of degeneration {unknown}
 i - 2 potions of flight {unknown}
 l - a potion of cancellation {unknown}
 o - a potion of curing {unknown}
 q - 2 potions of heal wounds {unknown}
 x - 2 potions of might {unknown}


   Skills:
 + Level 4.1 Fighting
 + Level 5.2 Long Blades
 * Level 2.8 Armour
 + Level 3.5 Dodging


You had 5 spell levels left.
You didn't know any spells.
Your spell library contained the following spells:

 Spells                   Type           Power      Damage    Failure   Level
 Ensorcelled Hibernation  Hex/Ice        0%         N/A       71%         2
 Spider Form              Tmut/Pois      0%         N/A       91%         3
 Anguish                  Hex/Necr       0%         N/A       100%        4


Dungeon Overview and Level Annotations

Branches:
Dungeon (5/15)
 Temple: D:4-7

Altars:
Qazlal

Annotations:
D:4 Eustachio, Sigmund
D:5 Dowan


Innate Abilities, Weirdness & Mutations

When hurt, damage is shared between your health and your magic reserves.
You regenerate magic rapidly.


Message History

Dowan struggles to resist.
Aiming: Mindburst
Press: ? - help, Shift-Dir - straight line, f/p - Dowan
Aim: Dowan, wielding a +0 dagger, wearing a +0 robe and carrying a wand of flame (7) (haloed, chance to affect: 64%) Dowan struggles to resist.
Dowan gestures at you while chanting. The puff of flame hits you!
Aiming: Mindburst
Press: ? - help, Shift-Dir - straight line, f/p - Dowan
Aim: Dowan, wielding a +0 dagger, wearing a +0 robe and carrying a wand of flame (7) (haloed, chance to affect: 64%) Dowan struggles to resist.
Dowan casts a spell at you. The puff of flame hits you!
* * * LOW HITPOINT WARNING * * *
Aiming: Mindburst
Press: ? - help, Shift-Dir - straight line, f/p - Dowan
Aim: Dowan, wielding a +0 dagger, wearing a +0 robe and carrying a wand of flame (7) (haloed, chance to affect: 64%) Dowan struggles to resist.
Dowan hits you with a +0 dagger.
* * * LOW HITPOINT WARNING * * *
Aiming: Mindburst
Press: ? - help, Shift-Dir - straight line, f/p - Dowan
Aim: Dowan, wielding a +0 dagger, wearing a +0 robe and carrying a wand of flame (7) (haloed, chance to affect: 64%) Dowan struggles to resist.
Dowan barely misses you.
Aiming: Mindburst
Press: ? - help, Shift-Dir - straight line, f/p - Dowan
Aim: Dowan, wielding a +0 dagger, wearing a +0 robe and carrying a wand of flame (7) (haloed, chance to affect: 64%) Dowan's mind is blasted!!
Dowan hits you with a +0 dagger.
* * * LOW HITPOINT WARNING * * *
Unknown command.
Aiming: Mindburst
Press: ? - help, Shift-Dir - straight line, f/p - Dowan
Aim: Dowan, wielding a +0 dagger, wearing a +0 robe and carrying a wand of flame (7) (almost dead, haloed, chance to affect: 64%) Dowan struggles to resist.
Dowan barely misses you.
Aiming: Mindburst
Press: ? - help, Shift-Dir - straight line, f/p - Dowan
Aim: Dowan, wielding a +0 dagger, wearing a +0 robe and carrying a wand of flame (7) (almost dead, haloed, chance to affect: 64%) Dowan struggles to resist.
Dowan casts a spell at you. The puff of frost hits you!
You die...

##........##
####
##.........#
#....#....##
###..##...#
#..##....#
#..###...#
##..###.##
#..# ###
#@.# ##e#
##.# #..#
#.....#
##....#
##.... #$..[
......


You could see Dowan.

Vanquished Creatures
  An ogre (D:5)
  2 scorpions (D:4)
  3 hounds
  2 orc wizards (D:3)
  A gnoll (D:1)
  4 adders
  A white imp (D:4)
  2 worms
  3 dart slugs
  7 orcs (D:3)
  4 ball pythons
  4 endoplasms
  2 giant cockroaches
  7 goblins
  7 hobgoblins
  5 kobolds
  A quokka (D:2)
  4 bats (D:3)
  2 frilled lizards
  7 rats
69 creatures vanquished.

Notes
Turn   | Place    | Note
-------+----------+-------------------------------------------
     0 | D:1      | monsoonserge the Demonspawn Monk began the quest for the
                  | Orb.
     0 | D:1      | Reached XP level 1. HP: 18/18 MP: 1/1
   126 | D:1      | Reached skill level 3 in Long Blades
   126 | D:1      | Gained mutation: You regenerate magic rapidly. [demonic
                  | ancestry]
   126 | D:1      | Reached XP level 2. HP: 15/24 MP: 2/2
   839 | D:2      | Reached XP level 3. HP: 28/29 MP: 3/3
   962 | D:2      | Noticed a great orb of eyes
   964 | D:2      | Noticed an eye of devastation
   977 | D:2      | Found a faded altar of an unknown god.
   979 | D:2      | Noticed a floating eye
   981 | D:2      | Noticed a golden eye
  1764 | D:3      | Found a stormy altar of Qazlal.
  1827 | D:3      | Reached XP level 4. HP: 36/36 MP: 4/4
  1964 | D:3      | Reached skill level 4 in Long Blades
  2796 | D:4      | Reached skill level 1 in Armour
  2796 | D:4      | Gained mutation: When hurt, damage is shared between your
                  | health and your magic reserves. [demonic ancestry]
  2796 | D:4      | Reached XP level 5. HP: 25/42 MP: 5/5
  3091 | D:4      | Reached XP level 6. HP: 46/48 MP: 6/6
  3112 | D:4      | Noticed Eustachio
  3114 | D:4      | Noticed Sigmund
  3251 | D:3      | Reached skill level 5 in Long Blades
  3427 | D:5      | Entered Level 5 of the Dungeon
  3469 | D:5      | Noticed Dowan
  3489 | D:5      | Killed from afar by Dowan

Illustrated notes

Levels and vault maps discovered:
D:1:      nicolae_arrival_memento_mori, layout_basic,
          chequers_serial_rivers_micro_a
D:2:      layout_loops_ring, hellmonk_ecumenical_altar_watching_god,
          grunt_decor_junction, lightli_corner_chamber
D:3:      layout_basic, nicolae_qazlal_general_emergency
D:4:      layout_loops_ring, gup_sewer_entry_spiral, minivault_5, uniq_sigmund,
          uniq_eustachio
D:5:      layout_layer_cave, minitemple, gammafunk_ghost_cemetery,
          uniq_blork_the_orc, uniq_duvessa

Skill      XL: |  1  2  3  4  5  6 |
---------------+-------------------+-----
Long Blades    | 3 4 5 |  5.2
Dodging        | 3 |  3.5
Armour         | 1 2 |  2.8
Fighting       | 4 |  4.1

Action                     |  1- 3 |  4- 6 || total
---------------------------+-------+-------++-------
  Melee: Falchion          |    89 |    32 ||   121
         Long sword        |       |    86 ||    86
  Evoke: Wand              |       |     9 ||     9
 Armour: Robe              |    11 |       ||    11
         Ring mail         |     3 |    50 ||    53
  Dodge: Dodged            |    45 |    71 ||   116
